Map: Apotheosis LE

Players

AMAGAD

  • Race: Zerg Zerg
  • League: Master

Stalker - Winner!

  • Race: Protoss Protoss
  • League: Diamond

VOD

Have the link to the VOD?

Description

Time

  • Played on: Sept. 13, 2016, 11:10 a.m.
  • Length: 11:19
Show
View Real Time Build Order
Export as new Build Order

AMAGAD Zerg 

Build Orders: Hatch First 

Get SALT Encoding   

  12  0:02  Drone  
  13  0:13  Overlord  
  13  0:17  Drone  
  14  0:31  Drone x2  
  14  0:35  Drone  
  17  0:57  Hatchery  
  17  1:01  Drone  
  17  1:15  Spawning Pool  
  16  1:18  Drone  
  16  1:20  Drone  
  18  1:44  Drone  
  18  1:45  Hatchery  
  18  1:54  Drone  
  19  2:01  Queen  
  19  2:02  Zergling x2  
  22  2:10  Queen  
  22  2:13  Drone  
  25  2:19  Overlord  
  25  2:34  Drone x2  
  25  2:35  Drone  
  28  2:41  Drone  
  28  2:42  Drone x2  
  31  2:47  Queen  
  33  2:51  Overlord  
  33  2:56  Drone x2  
  35  3:02  Drone x2  
  37  3:07  Drone  
  38  3:17  Drone x5  
  43  3:21  Extractor  
  43  3:24  Queen  
  44  3:27  Drone x4  
  44  3:28  Drone  
  49  3:48  Extractor  
  49  3:49  Overlord x2, Extractor  
  49  3:50  Extractor  
  48  4:17  Drone x13  
  58  4:24  Metabolic Boost  
  58  4:27  Roach Warren  
  56  4:32  Zergling x2  
  56  4:34  Overlord x3  
  57  4:41  Lair  
  57  4:52  Zergling x16  
  58  5:28  Queen  
  58  5:29  Drone  
  58  5:30  Drone x2  
  58  5:31  Drone x8  
  66  5:44  Glial Reconstitution  
  66  5:47  Drone x4  
  70  5:53  Roach x2  
  70  5:54  Roach  
  76  5:58  Overseer  
  76  6:00  Drone  
  76  6:02  Roach  
  76  6:03  Hatchery, Evolution Chamber  
  77  6:11  Overlord x4  
  77  6:12  Roach x2  
  77  6:14  Overlord  
  82  6:25  Ravager  
  82  6:30  Ravager  
  82  6:31  Ravager x2  
  82  6:32  Roach x6  
  97  6:34  Zergling x8  
  97  6:36  Ravager x2  
  103  6:57  Zergling x16  
  103  6:58  Zergling x6  
  112  7:07  Roach x4  
  112  7:08  Roach x2  
  96  7:29  Roach x6  
  105  7:30  Roach x2  
  105  7:31  Queen  
  92  7:45  Zergling x8  
  92  7:46  Queen, Zergling x8  
  92  7:49  Drone  
  101  7:58  Drone x3  
  97  8:07  Queen  
  97  8:10  Drone x5  
  97  8:11  Drone x2  
  101  8:19  Drone x3  
  104  8:20  Spire  
  104  8:23  Drone x4  
  107  8:31  Drone x4  
  108  8:44  Drone x7  
  108  8:46  Queen  
  115  8:56  Zerg Melee Weapons Level 1  
  115  9:01  Extractor  
  115  9:02  Drone x11, Extractor  
  124  9:08  Hydralisk Den  
  123  9:21  Drone x4  
  123  9:27  Drone x3  
  123  9:40  Zergling x2  
  123  9:41  Zergling x6  
  123  9:42  Overlord  
  123  9:43  Overlord x5  
  123  9:45  Muscular Augments  
  127  9:55  Zergling x8  
  127  9:56  Zergling x10  
  116  10:05  Zergling x2  
  116  10:06  Zergling x12  
  110  10:10  Extractor  
  110  10:12  Extractor  
  110  10:13  Zergling x6  
  103  10:17  Ravager  
  103  10:18  Ravager  
  103  10:19  Zergling x6  
  103  10:20  Hatchery  
  106  10:30  Roach  
  106  10:31  Roach x4  
  115  10:36  Hydralisk  
  117  10:51  Zergling x2  
  117  10:52  Zergling x12  
  117  10:56  Ravager  
  125  10:58  Ravager  
  125  10:59  Ravager x3, Hatchery  
Show
View Real Time Build Order
Export as new Build Order

Stalker Protoss - Winner!

Build Orders:  

Get SALT Encoding   

  12  0:01  Probe (Chrono Boost)  
  13  0:11  Probe (Chrono Boost)  
  14  0:22  Probe (Chrono Boost)  
  14  0:25  Pylon  
  15  0:43  Probe (Chrono Boost)  
  16  0:53  Probe (Chrono Boost)  
  17  1:05  Probe (Chrono Boost)  
  17  1:06  Nexus  
  18  1:17  Gateway  
  18  1:20  Probe (Chrono Boost)  
  19  1:26  Assimilator  
  19  1:31  Assimilator  
  19  1:33  Probe (Chrono Boost)  
  20  1:43  Probe (Chrono Boost)  
  20  1:44  Pylon  
  22  1:54  Probe (Chrono Boost)  
  22  2:04  Probe (Chrono Boost)  
  22  2:07  Cybernetics Core  
  23  2:11  Gateway  
  23  2:15  Probe (Chrono Boost)  
  24  2:19  Probe (Chrono Boost)  
  25  2:25  Probe (Chrono Boost)  
  25  2:29  Probe (Chrono Boost)  
  27  2:36  Probe (Chrono Boost)  
  30  2:37  Warp Gate  
  30  2:43  Stalker  
  30  2:45  Pylon  
  30  2:46  Probe (Chrono Boost)  
  32  2:55  Mothership Core (Chrono Boost)  
  32  2:58  Probe (Chrono Boost)  
  34  3:04  Twilight Council  
  34  3:10  Probe (Chrono Boost)  
  35  3:14  Probe (Chrono Boost)  
  35  3:17  Adept  
  38  3:20  Probe (Chrono Boost)  
  38  3:25  Probe (Chrono Boost)  
  40  3:32  Gateway, Probe (Chrono Boost)  
  40  3:33  Resonating Glaives  
  40  3:34  Gateway  
  41  3:35  Probe (Chrono Boost)  
  42  3:42  Assimilator  
  42  3:43  Probe (Chrono Boost), Assimilator  
  43  3:50  Adept  
  43  3:53  Probe (Chrono Boost)  
  43  3:54  Adept  
  49  4:03  Probe (Chrono Boost)  
  49  4:05  Robotics Facility  
  49  4:09  Pylon  
  50  4:10  Probe (Chrono Boost)  
  50  4:22  Gateway, Probe (Chrono Boost)  
  50  4:23  Gateway  
  54  4:26  Gateway  
  54  4:29  Pylon  
  54  4:32  Probe (Chrono Boost)  
  54  4:36  Probe (Chrono Boost)  
  53  4:43  Adept x2, Pylon  
  53  4:44  Adept  
  53  4:45  Sentry  
  61  4:52  Pylon x2  
  61  4:54  Probe (Chrono Boost)  
  61  4:59  Immortal  
  66  5:09  Adept x3  
  72  5:28  Probe x2 (Chrono Boost)  
  72  5:34  Adept  
  72  5:35  Adept x5  
  82  5:37  Warp Prism  
  82  5:57  Nexus, Pylon  
  82  6:00  Pylon  
  82  6:02  Forge x2  
  82  6:06  Sentry x3  
  88  6:14  Pylon  
  88  6:15  Templar Archives  
  88  6:21  Adept x2  
  88  6:22  Protoss Ground Weapons Level 1, Protoss Ground Armor Level 1  
  92  6:25  Immortal  
  96  6:39  Blink  
  96  6:46  Robotics Bay, Adept  
  98  6:56  Adept x3  
  104  7:08  Adept x3  
  106  7:21  Stalker x3  
  102  7:26  Probe (Chrono Boost)  
  102  7:27  Probe (Chrono Boost)  
  102  7:28  Probe (Chrono Boost)  
  91  7:30  Adept x3  
  89  7:39  Adept  
  89  7:43  Probe (Chrono Boost)  
  89  7:44  Probe (Chrono Boost)  
  90  7:45  Probe (Chrono Boost)  
  90  7:56  Probe (Chrono Boost)  
  90  7:58  Probe (Chrono Boost)  
  89  7:59  Probe (Chrono Boost), Assimilator  
  89  8:01  Assimilator  
  89  8:05  Pylon  
  81  8:08  Probe (Chrono Boost), Immortal  
  81  8:12  Robotics Facility  
  74  8:16  Adept  
  74  8:17  Adept x4  
  82  8:22  Probe x2 (Chrono Boost)  
  82  8:31  Stalker x2  
  86  8:39  Pylon  
  84  8:42  Pylon  
  84  8:43  Adept x3  
  84  8:46  Disruptor  
  93  8:55  High Templar x2  
  97  8:56  Adept x2  
  101  9:05  Pylon  
  101  9:08  Immortal  
  105  9:13  Adept x3  
  111  9:29  Immortal  
  115  9:37  Sentry x2, Stalker x3  
  125  9:38  Adept  
  125  9:39  Adept  
  129  9:56  Archon  
  119  10:00  Stalker x5  
  119  10:01  Stalker  
  121  10:15  Adept  
  123  10:24  High Templar x2  
  123  10:26  Nexus  
  127  10:29  Archon  
  127  10:30  Adept x2  
  131  10:37  Pylon  
  131  10:44  Observer  
  132  11:03  Stalker x2  
  132  11:04  Stalker x2  
  140  11:14  Adept x2  
Tags
 
Add a new tag
Caveats
  • Supply blocks, unpowered buildings, or Contaminate may cause inaccurate times.
  • Supply counts are checked every 10 seconds.